 Dungeon Crawl Stone Soup version 0.25-a0-1133-g93ebf739aa (webtiles) character file.

Game seed: 10824097072976994293, levelgen mode: deterministic

473210 vurker the Fetichist (level 25, -1/165 HPs)
             Began as a Human Artificer on May 20, 2020.
             Was a High Priest of Hepliaklqana.
             Slain by a deep troll (5 damage)
             ... on level 2 of the Depths.
             The game lasted 02:06:52 (67431 turns).

vurker the Fetichist (Human Artificer)             Turns: 67431, Time: 02:06:53

Health: -1/165     AC: 32    Str: 27    XL:     25   Next: 95%
Magic:  0/36       EV: 12    Int: 22    God:    Hepliaklqana [*****.]
Gold:   5005       SH: 24    Dex: 14    Spells: 24/24 levels left

rFire    + + +     SeeInvis .   a - +4 demon whip (elec)
rCold    + . .     Gourm    .   I - +2 tower shield {reflect}
rNeg     . . .     Faith    .   l - +11 gold dragon scales
rPois    +         Spirit   +   q - +2 helmet {Int+3}
rElec    +         Reflect  +   P - scarf {rC+ rF+}
rCorr    .         Harm     .   i - +2 pair of gloves {Str+3}
MR       ++++.                  o - +2 pair of boots {Fly}
Stlth    ..........             J - amulet of guardian spirit
HPRegen  0.37/turn              m - ring of the Mage {Wiz MR++ Int+3}
MPRegen  0.25/turn              X - ring of Lixuaph {Fire rElec rPois Int+2}

@: corroded, studying Dodging, lightly drained
A: reduced essence, clever 1, deterioration 1, fire resistance 1, frail 1, magic
resistance 1
}: 2/15 runes: decaying, gossamer
a: Recall Ancestor, Ancestor Identity, Transference, Idealise, Renounce
Religion, Evoke Flight


You were on level 2 of the Depths.
You worshipped Hepliaklqana.
Hepliaklqana was extremely pleased with you.
You were not hungry.

You visited 9 branches of the dungeon, and saw 43 of its levels.
You also visited: Bailey and Ice Cave.

You collected 6375 gold pieces.
You spent 1370 gold pieces at shops.

Inventory:

Hand Weapons
 a - a +4 demon whip of electrocution (weapon)
   (You took it off a balrug on level 2 of the Vaults)
 b - a +0 trishula of holy wrath
   (You took it off Mennas on level 2 of the Crypt)
Armour
 i - a +2 pair of gloves of strength (worn)
   (You found it on level 3 of the Elven Halls)
 l - +11 gold dragon scales (worn)
   (You found it in a bailey)
 o - a +2 pair of boots of flying (worn)
   (You found it on level 1 of the Vaults)
 q - a +2 helmet of intelligence (worn)
   (You found it on level 2 of the Dungeon)
 B - a +2 kite shield of reflection
   (You took it off a tengu warrior on level 1 of the Depths)
 I - a +2 tower shield of reflection (worn)
   (You found it on level 8 of the Dungeon)
 P - a scarf of resistance (worn)
   (You found it on level 3 of the Lair of Beasts)
Jewellery
 j - an uncursed ring of positive energy
   (You found it on level 6 of the Dungeon)
 m - the ring of the Mage (left hand) {Wiz MR++ Int+3}
   (You took it off a deep elf elementalist on level 3 of the Elven Halls)

   [ring of wizardry]

   It improves your spell success rate.
   It affects your intelligence (+3).
   It affects your resistance to hostile enchantments.
 J - an amulet of guardian spirit (around neck)
   (You found it on level 3 of the Crypt)
 X - the ring of Lixuaph (right hand) {Fire rElec rPois Int+2}
   (You took it off a vault warden on level 2 of the Vaults)

   [ring of fire]

   It enhances your fire magic.
   It affects your intelligence (+2).
   It protects you from fire.
   It makes you vulnerable to cold.
   It insulates you from electricity.
   It protects you from poison.
Wands
 c - a wand of disintegration (13)
   (You found it in an ice cave)
 d - a wand of iceblast (28)
   (You took it off an orc wizard on level 11 of the Dungeon)
 t - a wand of flame (75)
 u - a wand of paralysis (15)
   (You bought it in a shop on level 12 of the Dungeon)
 v - a wand of digging (24)
   (You found it on level 9 of the Dungeon)
 x - a wand of acid (8)
   (You found it on level 3 of the Lair of Beasts)
 H - a wand of enslavement (22)
 U - a wand of polymorph (13)
   (You found it on level 6 of the Lair of Beasts)
Scrolls
 h - 14 scrolls of identify
 w - 6 scrolls of immolation
 y - a scroll of silence
 z - 3 scrolls of vulnerability
 C - 4 scrolls of teleportation
 E - a scroll of summoning
 M - 9 scrolls of magic mapping
 N - 6 scrolls of fear
 V - 25 scrolls of remove curse
 Z - 8 scrolls of fog
Potions
 g - 12 potions of ambrosia
 k - 13 potions of curing
 n - 11 potions of mutation
 p - 5 potions of lignification
 r - 2 potions of resistance
 A - 7 potions of cancellation
 F - 8 potions of haste
 G - 9 potions of might
 O - 12 potions of heal wounds
 Y - a potion of invisibility
Books
 f - a manual of Dodging
   (You acquired it on level 1 of the Crypt)
Miscellaneous
 s - a phial of floods
   (You found it on level 4 of the Swamp)
 L - 2 boxes of beasts
 W - a tin of tremorstones (3/3)
   (You found it on level 6 of the Lair of Beasts)
Comestibles
 e - 72 rations


   Skills:
 + Level 19.1 Fighting
   Level 1.0(0.9) Short Blades
   Level 14.0(14.6) Axes
 - Level 8.0(11.9) Maces & Flails
 + Level 19.1 Armour
 + Level 13.7 Dodging
 - Level 1.0 Stealth
 + Level 17.6(17.5) Shields
 - Level 8.0(7.9) Invocations
 + Level 19.3 Evocations


You had 24 spell levels left.
You didn't know any spells.
Your spell library contained the following spells:

 Spells                   Type           Power        Failure   Level  Hunger
 Apportation              Tloc           #.....       91%         1    ##.....
 Corona                   Hex            #......      91%         1    ##.....
 Foxfire                  Conj/Fire      #...         91%         1    ##.....
 Freeze                   Ice            #...         91%         1    ##.....
 Sandblast                Erth           #.....       91%         1    ##.....
 Shock                    Conj/Air       #...         91%         1    ##.....
 Sting                    Tmut/Pois      #...         91%         1    ##.....
 Summon Butterflies       Summ           #.......     91%         1    ##.....
 Corpse Rot               Necr/Air       N/A          97%         2    ###....
 Ensorcelled Hibernation  Hex/Ice        #.....       97%         2    ###....
 Passwall                 Tmut/Erth      #.......     97%         2    ###....
 Poisonous Vapours        Pois/Air       #.....       97%         2    ###....
 Sublimation of Blood     Necr           #.........   97%         2    ###....
 Swiftness                Chrm/Air       #.......     97%         2    ###....
 Confusing Touch          Hex            #.......     99%         3    ####...
 Conjure Flame            Conj/Fire      #.......     99%         3    ####...
 Dazzling Flash           Conj/Hex       #.....       99%         3    ####...
 Gell's Gravitas          Tloc           #.........   99%         3    ####...
 Ignite Poison            Fire/Tmut/Pois #.......     99%         3    ####...
 Inner Flame              Hex/Fire       #.......     99%         3    ####...
 Lesser Beckoning         Tloc           #.........   99%         3    ####...
 Mephitic Cloud           Conj/Pois/Air  #.......     99%         3    ####...
 Ozocubu's Armour         Chrm/Ice       #.......     99%         3    ####...
 Static Discharge         Conj/Air       #.......     99%         3    ####...
 Stone Arrow              Conj/Erth      #.....       99%         3    ####...
 Tukima's Dance           Hex            #.......     99%         3    ####...
 Airstrike                Air            #.........   100%        4    #####..
 Cause Fear               Hex            #.........   100%        4    #####..
 Dispel Undead            Necr           #.......     100%        4    #####..
 Leda's Liquefaction      Hex/Erth       #.........   100%        4    #####..
 Olgreb's Toxic Radiance  Pois           #.......     100%        4    #####..
 Passage of Golubria      Tloc           N/A          100%        4    #####..
 Petrify                  Tmut/Erth      #.......     100%        4    #####..
 Sticky Flame             Conj/Fire      #.......     100%        4    #####..
 Agony                    Necr           #.......     100%        5    ######.
 Alistair's Intoxication  Tmut/Pois      #.......     100%        5    ######.
 Bolt of Magma            Conj/Fire/Erth #.........   100%        5    ######.
 Borgnjor's Vile Clutch   Necr/Erth      #.........   100%        5    ######.
 Excruciating Wounds      Chrm/Necr      #.........   100%        5    ######.
 Fireball                 Conj/Fire      #.........   100%        5    ######.
 Irradiate                Conj/Tmut      #.........   100%        5    ######.
 Iskenderun's Battlesphe  Conj/Chrm      #.......     100%        5    ######.
 Lee's Rapid Deconstruct  Erth           #.........   100%        5    ######.
 Lightning Bolt           Conj/Air       #.........   100%        5    ######.
 Metabolic Englaciation   Hex/Ice        #.........   100%        5    ######.
 Silence                  Hex/Air        #.........   100%        5    ######.
 Summon Forest            Summ/Tloc      #.........   100%        5    ######.
 Yara's Violent Unravell  Hex/Tmut       #.........   100%        5    ######.
 Darkness                 Hex            #.........   100%        6    #######
 Eringya's Noxious Bog    Tmut/Pois      #.........   100%        6    #######
 Hydra Form               Tmut           #.........   100%        6    #######
 Invisibility             Hex            #.......     100%        6    #######
 Iron Shot                Conj/Erth      #.........   100%        6    #######
 Shadow Creatures         Summ           N/A          100%        6    #######
 Simulacrum               Ice/Necr       #.........   100%        6    #######
 Statue Form              Tmut/Erth      #........    100%        6    #######
 Dragon Form              Tmut           #.........   100%        7    #######
 Malign Gateway           Summ/Tloc      #.........   100%        7    #######
 Monstrous Menagerie      Summ           #.........   100%        7    #######
 Orb of Destruction       Conj           #.........   100%        7    #######
 Spellforged Servitor     Conj/Summ      #.........   100%        7    #######
 Summon Greater Demon     Summ           #.........   100%        7    #######
 Summon Hydra             Summ           #.........   100%        7    #######
 Discord                  Hex            #.........   100%        8    #######
 Summon Horrible Things   Summ           #.........   100%        8    #######
 Shatter                  Erth           #.........   100%        9    #######
 Tornado                  Air            #.........   100%        9    #######


Dungeon Overview and Level Annotations

Branches:
Dungeon (15/15)            Temple (0/1) D:7            Lair (6/6) D:8
  Swamp (4/4) Lair:4       Spider (4/4) Lair:3        Slime (0/5) Lair:5
    Orc (2/2) D:11            Elf (3/3) Orc:2        Vaults (4/5) D:14
  Crypt (3/3) Vaults:2     Depths (2/5) D:15         Bailey (visited)
  IceCv (visited)
   Tomb: Crypt:3

Altars:
Cheibriados
Dithmenos
Elyvilon
Fedhas
Hepliaklqana
Kikubaaqudgha
Makhleb
Nemelex Xobeh
Qazlal
Sif Muna
Trog
Vehumet
Xom
Yredelemnul
Zin
The Shining One
Beogh
Jiyva

Shops:
D:4 =   D:9 *   D:12 *   Orc:1 ==%   Orc:2 (*![   Elf:1 [   Elf:2 }
Vaults:2 (   Vaults:4 :   Depths:1 *

Portals:
Hell: Lair:6 Depths:1
Abyss: Depths:1 Depths:2
Pandemonium: Depths:2

Annotations:
D:11 exclusion: orange crystal statue
D:15 1 runed translucent door
Lair:1 exclusion: 2 oklob plants
Lair:4 3 runed translucent doors, Oseuty Gilid's ghost, journeyman TrMo
Swamp:3 3 runed translucent doors, Disku's ghost, adept FoFi; Dithroar's ghost, adept MiFi; Waomidog's ghost, adept DrCj; balackLT's ghost, adept FoAK
Elf:2 3 runed translucent doors
Vaults:2 36 runed doors, exclusion: 36 doors
Vaults:4 3 runed translucent doors
Crypt:3 Khufu
Depths:1 1 runed translucent door


Innate Abilities, Weirdness & Mutations

Your life essence is reduced to manifest your ancestor. (-10% HP)
Your mind is acute. (Int +2)
Your body sometimes deteriorates upon taking damage.
Your flesh is heat resistant. (rF+)
You are frail. (-10% HP)
You are resistant to hostile enchantments. (MR+)


Message History

The bolt of magma hits the caustic shrike!!!
The caustic shrike partially resists.
The caustic shrike dies!
The deep troll shaman barely misses you.
The deep troll shaman claws you but does no damage.
You block the deep troll shaman's attack.
You hit the iron troll but do no damage.
Lightning courses through the iron troll!
You block the iron troll's attack. x3
You hit the iron troll but do no damage.
The deep troll shaman bites you!!
* * * LOW HITPOINT WARNING * * *
You block the deep troll shaman's attack. x2
Cuahtemoc hits the iron troll with a +0 lajatang of freezing!!!!
Cuahtemoc freezes the iron troll.
The iron troll dies!
You whack the deep troll shaman!
Lightning courses through the deep troll shaman!
You block the deep troll shaman's attack.
The deep troll shaman claws you but does no damage.
The deep troll shaman closely misses you.
You closely miss the deep troll shaman.
Cuahtemoc barely misses the deep troll shaman.
The deep troll shaman closely misses you.
You block the deep troll shaman's attack.
The deep troll shaman misses you.
You closely miss the deep troll shaman.
You block the deep troll shaman's attack. x2
The deep troll shaman claws you but does no damage.
You hit the deep troll shaman but do no damage.
The deep troll seems to regain its courage.
Cuahtemoc gestures at the deep troll shaman while chanting.
The bolt of magma hits the deep troll shaman!!!
The deep troll shaman dies!
The troll leather armour is intact enough to wear.
Cornered, the deep troll shaman turns to fight!
You can't go up here!
Cuahtemoc gestures at the deep troll shaman while chanting.
The bolt of magma hits the deep troll shaman!!!
The deep troll shaman utters an invocation to its god.
The deep troll shaman is healed somewhat.
You climb downwards.
You block the deep troll's attack.
The deep troll claws you but does no damage.
You block the deep troll's attack. The deep troll closely misses you.
The deep troll misses you. The deep troll claws you!
* * * LOW HITPOINT WARNING * * *
The stone giant hits you but does no damage.
There is a stone staircase leading up, spattered with blood here.
You block the deep troll's attack. The deep troll claws you!
You die...

######....
##........####
##............#
#......#......#
.#.............#
..≈≈...†.....≈.#
.≈≈≈...[(......#
≈.......T......#
........C@...###
...........#..#
...............#
................
.................
.................
..........≈≈.....
.......>≈......
..............≈


You could see a stone giant and a deep troll (fast, strong).

Vanquished Creatures
  Mara (Swamp:3)
  Sojobo (Depths:1)
  Nikola (Swamp:2)
  Arachne (Spider:2)
  The ghost of PIKKUHERKKO the Executioner, an adept HOMo of the Shining One (Vaults:4)
  A lich (Crypt:3)
  3 tentacled monstrosities (Vaults:4)
  2 deep elf blademasters (Elf:3)
  A quicksilver dragon (Depths:2)
  A titan (Vaults:4)
  An ancient champion (Crypt:1)
  A sphinx (Vaults:2)
  Frances (Swamp:2)
  A thorn hunter (Swamp:3)
  A shadow dragon (Depths:2)
  A tengu reaver (Depths:1)
  A storm dragon (D:14)
  A revenant (Crypt:1)
  A frost giant (Vaults:1)
  2 deep elf sorcerers (Elf:3)
  A balrug (Vaults:2)
  A fire giant (Depths:2)
  6 vault wardens
  A cacodemon (Vaults:4)
  2 ghost moths (Spider:4)
  5 emperor scorpions
  5 deep elf elementalists (Elf:3)
  4 ghouls
  A curse skull (Crypt:2)
  3 stone giants
  5 ironheart preservers
  10 very ugly things
  A deep elf demonologist (Elf:2)
  An entropy weaver (Spider:1)
  5 vampire knights
  4 spark wasps
  4 deep elf annihilators
  2 ettins
  An eidolon (Crypt:1)
  Josephine (Orc:1)
  8 deep elf death magi
  A jiangshi (Depths:2)
  3 deep elf high priests
  2 great orbs of eyes (Depths:1)
  Fannar (D:11)
  A fire dragon (Vaults:2)
  2 ice dragons (D:15)
  4 ogre magi
  7 yaktaur captains
  Erolcha (D:13)
  2 rakshasas
  5 vault guards
  16 hydras
  3 shambling mangroves
  A quicksilver dragon skeleton (Crypt:2)
  A ghost crab (Swamp:1)
  4 death knights
  12 centaur warriors
  A satyr (shapeshifter) (Depths:2)
  2 tengu warriors (Depths:1)
  10 alligators
  15 two-headed ogres
  3 death yaks
  A vampire mage (Depths:2)
  A deep troll earth mage (Depths:2)
  An orc high priest (Orc:2)
  A dancing weapon (Elf:2)
  8 deep elf knights
  2 titan skeletons
  12 hell knights
  A sixfirhy (Lair:6)
  A storm dragon skeleton (Crypt:2)
  2 flayed ghosts
  31 skeletal warriors
  13 deep trolls
  2 spriggan druids (Swamp:2)
  13 ironbrand convokers
  3 wizards
  6 deep elf archers
  2 glowing orange brains
  Pikel (D:8)
  7 necromancers
  3 phantasmal warriors
  11 swamp dragons
  A harpy (shapeshifter) (D:14)
  5 harpies (Vaults:3)
  A sphinx zombie (Depths:2)
  11 orb spiders
  18 deep elf magi
  15 orc knights
  An orb spider (shapeshifter) (Vaults:3)
  4 cyclopes
  2 shadow dragon skeletons (Crypt:3)
  18 wolf spiders
  20 ugly things
  A frost giant zombie (Crypt:3)
  A human zombie (Vaults:1)
  A stone giant zombie (Crypt:2)
  An orc sorcerer (Elf:3)
  9 elephants
  3 stone giant skeletons
  A sphinx skeleton (Depths:1)
  6 vault sentinels
  A fire giant skeleton (Crypt:2)
  A shock serpent zombie (Crypt:3)
  3 black mambas
  3 frost giant skeletons
  A gargoyle (D:14)
  An ice statue (IceCv)
  A torpor snail (Spider:1)
  A smoke demon (Lair:6)
  3 kobold demonologists
  8 spiny frogs
  A shock serpent skeleton (Crypt:2)
  An orange demon (Lair:6)
  3 dire elephant skeletons
  18 yaktaurs
  4 freezing wraiths
  3 komodo dragons
  2 efreet (D:15)
  3 rime drakes (Lair:6)
  7 demonic crawlers
  2 red devils (Lair:6)
  3 ice devils (Lair:6)
  4 trolls
  A tengu conjurer (Depths:2)
  11 polar bears
  14 jumping spiders
  A deep troll zombie (Depths:1)
  9 tyrant leeches
  Prince Ribbit (D:8)
  A raiju (shapeshifter) (Vaults:3)
  A hornet (shapeshifter) (Depths:1)
  5 bog bodies
  7 slime creatures
  11 hornets
  8 blink frogs
  7 hippogriffs
  An ice dragon zombie (Crypt:2)
  30 flying skulls
  Sigmund (D:3)
  An ettin skeleton (Crypt:2)
  45 redbacks
  10 tarantellas
  4 water elementals
  2 air elementals
  A fire dragon skeleton (Crypt:2)
  A wyvern (Lair:4)
  4 shadows
  45 yaks
  A steam dragon (D:10)
  8 wraiths
  16 humans (D:14)
  4 fire elementals
  A basilisk (Lair:1)
  A chaos spawn (Depths:1)
  A tyrant leech zombie (Crypt:1)
  A hungry ghost (D:14)
  14 vampire mosquitoes
  3 wargs
  8 swamp worms
  A soldier ant (shapeshifter) (Vaults:2)
  14 insubstantial wisps
  2 acid dragons (Vaults:2)
  9 water moccasins
  A floating eye (shapeshifter) (Vaults:3)
  A hell hound (Lair:6)
  4 porcupines
  A slave (D:8)
  11 swamp drakes
  28 orc warriors
  A sky beast (D:15)
  7 ice beasts
  2 black bears
  An eye of draining (D:15)
  An eye of draining (shapeshifter) (Depths:1)
  17 centaurs
  A necrophage (Crypt:3)
  A snapping turtle skeleton (Crypt:2)
  3 battlemagi
  9 ogres
  A phantom (D:7)
  18 wolves
  A manticore skeleton (Crypt:3)
  A swamp dragon skeleton (Crypt:2)
  A dream sheep skeleton (Crypt:1)
  A lindwurm skeleton (Crypt:2)
  5 crocodiles
  Blork the orc (D:5)
  A big kobold (D:8)
  5 bullfrogs
  2 human skeletons
  5 earth elementals
  A water moccasin skeleton (Crypt:1)
  3 human simulacra
  2 small abominations (Depths:1)
  A troll skeleton (Crypt:2)
  2 wights (Crypt:1)
  An electric eel (Spider:2)
  4 howler monkeys
  A howler monkey (shapeshifter) (Depths:1)
  4 crimson imps
  A bullfrog zombie (D:11)
  A centaur zombie (D:12)
  11 orc priests
  A centaur skeleton (D:8)
  5 hounds
  4 jellies
  20 orc wizards
  2 iguanas
  6 worker ants
  A big kobold skeleton (Crypt:1)
  A mummy (Crypt:3)
  2 worker ant zombies
  2 gnolls
  A gnoll (shapeshifter) (Vaults:4)
  A howler monkey skeleton (D:5)
  7 adders
  3 shadow imps
  4 oozes (D:8)
  2 worms (D:2)
  2 dart slugs
  3 leopard geckos
  93 orcs
  2 ball pythons
  6 giant cockroaches
  9 goblins
  4 hobgoblins
  3 jackals (D:3)
  2 jackals (shapeshifter) (Vaults:4)
  2 quokkas
  6 bats
  2 frilled lizards (D:2)
  A jackal zombie (D:8)
  13 kobolds
  A leopard gecko skeleton (D:4)
  An orc skeleton (Crypt:2)
  A quokka skeleton (D:4)
  5 rats
  3 fungi
  3 plants
1200 creatures vanquished.

Vanquished Creatures (collateral kills)
  An ancient lich (Crypt:3)
  Mennas (Crypt:2)
  A juggernaut (Depths:2)
  the Lernaean hydra (Swamp:4)
  Xtahua (Vaults:3)
  A caustic shrike (Depths:1)
  A bone dragon (Crypt:3)
  3 liches
  Rupert (D:14)
  A tentacled monstrosity (Depths:2)
  2 titans (Depths:2)
  2 deep elf master archers (Elf:3)
  3 thorn hunters
  An ancient champion (Crypt:2)
  Gastronok (Lair:1)
  A sphinx (Vaults:2)
  Agnes (D:14)
  A revenant (Crypt:2)
  Donald (Spider:1)
  3 tengu reavers
  A storm dragon (Depths:2)
  2 frost giants
  A deep elf sorcerer (Elf:2)
  An orc warlord (Orc:2)
  2 fire giants
  4 ghost moths
  A deep elf elementalist (Depths:2)
  2 ghouls
  A cacodemon (Vaults:4)
  A vault warden (Vaults:1)
  5 war gargoyles
  2 ironheart preservers
  6 stone giants
  3 entropy weavers
  3 deep elf demonologists (Elf:3)
  The ghost of Ocinnuv the Grappler, a journeyman TrMo of Ru (D:13)
  3 spark wasps
  4 deep elf annihilators (Elf:3)
  2 crystal guardians
  An eidolon (Crypt:2)
  2 ettins
  2 yaktaur captains
  A quicksilver dragon zombie (Crypt:3)
  2 fire dragons (Depths:2)
  A jiangshi (Depths:2)
  5 ogre magi
  5 ice dragons
  2 great orbs of eyes
  16 hydras
  2 rakshasas (Vaults:1)
  3 vault guards
  2 spriggan air magi (Depths:2)
  4 centaur warriors
  13 two-headed ogres
  4 dancing weapons
  2 deep troll shamans
  10 alligators
  2 death yaks (Lair:6)
  2 titan zombies
  4 deep troll earth magi
  A tengu warrior (Depths:1)
  2 vampire magi
  A titan skeleton (Vaults:4)
  5 slime creatures
  Nergalle (D:12)
  A storm dragon zombie (Crypt:1)
  8 deep elf knights
  An iron troll (Depths:1)
  A shadow wraith (Vaults:1)
  25 skeletal warriors
  A storm dragon skeleton (Crypt:3)
  5 hell knights
  4 large abominations
  7 unseen horrors
  5 deep trolls
  A wizard (Depths:1)
  3 swamp dragons
  5 deep elf archers
  4 ironbrand convokers
  A golden dragon skeleton (Crypt:2)
  3 phantasmal warriors
  8 orc knights
  7 wolf spiders
  2 shadow dragon skeletons (Crypt:2)
  9 deep elf magi
  4 necromancers
  A stone giant zombie (Depths:1)
  3 orc sorcerers
  5 ugly things
  A cyclops (Vaults:1)
  4 orb spiders
  2 frost giant zombies
  A manticore (D:11)
  An iron dragon skeleton (Crypt:2)
  7 elephants
  A fire giant skeleton (Crypt:2)
  A stone giant skeleton (Depths:1)
  A black mamba (shapeshifter) (D:14)
  2 black mambas (Lair:6)
  2 gargoyles
  2 vault sentinels
  2 frost giant skeletons (Crypt:2)
  A torpor snail (Spider:4)
  A centaur skeleton (D:15)
  5 spiny frogs
  6 komodo dragons
  4 demonic crawlers
  A rime drake (IceCv)
  2 freezing wraiths
  2 tengu conjurers
  9 yaktaurs
  A yaktaur (shapeshifter) (Vaults:3)
  A meliai (shapeshifter) (Depths:1)
  A shadow dragon simulacrum (Depths:1)
  2 polar bears (IceCv)
  11 hornets
  16 jumping spiders
  6 tyrant leeches
  2 trolls
  A polar bear (shapeshifter) (Vaults:4)
  6 blink frogs
  3 bog bodies
  2 hippogriffs
  A small abomination (D:15)
  An ice dragon skeleton (Crypt:2)
  4 spriggans
  15 flying skulls (Crypt:3)
  A spriggan simulacrum (Depths:2)
  5 water elementals
  2 air elementals
  A fire dragon skeleton (Depths:1)
  13 yaks
  26 redbacks
  5 tarantellas
  6 wraiths
  A shadow (D:12)
  A tyrant leech zombie (Crypt:2)
  A battlemage (Swamp:3)
  A wyvern (D:12)
  2 hungry ghosts
  A basilisk (D:12)
  A chaos spawn (D:15)
  14 vampire mosquitoes
  A monstrous demonspawn zombie (Crypt:2)
  13 insubstantial wisps
  6 wargs
  9 swamp worms
  An acid dragon (Vaults:1)
  2 hell hounds (Lair:6)
  5 water moccasins
  28 orc warriors
  5 porcupines
  4 swamp drakes (Swamp:4)
  An eye of draining (D:14)
  A snapping turtle zombie (Crypt:2)
  A black bear (Lair:2)
  5 ice beasts
  A tengu (shapeshifter) (Vaults:4)
  13 ogres
  2 necrophages (Crypt:3)
  A human skeleton (Vaults:1)
  4 crocodiles
  10 wolves
  5 centaurs
  4 bullfrogs
  2 big kobolds
  A gnoll sergeant (D:7)
  2 scorpions
  4 howler monkeys
  6 wights
  A bullfrog zombie (D:6)
  A crimson imp (D:5)
  5 orc priests
  3 hounds
  A black bear zombie (Crypt:2)
  2 jellies
  A bullfrog skeleton (D:4)
  3 iguanas
  7 orc wizards
  4 worker ants
  A sky beast zombie (Crypt:1)
  2 hound skeletons
  A gnoll (shapeshifter) (Vaults:4)
  3 adders
  2 gnolls (D:7)
  A swamp drake zombie (Crypt:1)
  A shadow imp (D:7)
  An ooze (D:8)
  A worm (D:3)
  36 orcs
  2 giant cockroaches (D:5)
  A jackal (shapeshifter) (Vaults:4)
  2 quokkas (shapeshifter) (Vaults:4)
  A quokka (D:7)
  5 kobolds
  A kobold skeleton (Crypt:2)
  A spectral orc (D:9)
  A fungus (D:8)
722 creatures vanquished.

Vanquished Creatures (others)
  Erica (D:8)
  A wizard (Vaults:2)
  A deep elf mage (Elf:3)
  Psyche (D:8)
  Maggie (D:8)
  A blink frog (Swamp:2)
  A redback (Spider:4)
  A swamp drake (Swamp:3)
  A slave (D:8)
  62 battlemagi
  An ancestor (D:3)
  An orc (D:11)
  A quokka (D:7)
  A kobold (D:12)
  3 bushes
  5 fungi
  4 plants
87 creatures vanquished.

Grand Total: 2009 creatures vanquished

Notes
Turn   | Place    | Note
-------+----------+-------------------------------------------
     0 | D:1      | vurker the Human Artificer began the quest for the Orb.
     0 | D:1      | Reached XP level 1. HP: 15/15 MP: 3/3
   145 | D:1      | Reached XP level 2. HP: 8/21 MP: 4/4
   629 | D:1      | Reached XP level 3. HP: 23/26 MP: 5/5
   667 | D:1      | Reached skill level 1 in Armour
  1291 | D:2      | Found a shadowy altar of Dithmenos.
  1924 | D:2      | Reached XP level 4. HP: 31/33 MP: 6/6
  2212 | D:2      | Found a hazy altar of Hepliaklqana.
  2214 | D:2      | Found a shimmering altar of Xom.
  2215 | D:2      | Noticed a spectral ugly thing
  2259 | D:2      | Became a worshipper of Hepliaklqana the Forgotten
  2592 | D:3      | Found a glowing silver altar of Zin.
  2627 | D:3      | Reached XP level 5. HP: 28/34 MP: 7/7
  2784 | D:3      | Noticed Sigmund
  2790 | D:3      | Killed Sigmund
  2790 | D:3      | Reached XP level 6. HP: 41/41 MP: 7/9
  4097 | D:4      | Reached XP level 7. HP: 30/45 MP: 10/10
  4309 | D:4      | Reached * piety under Hepliaklqana
  4476 | D:4      | Found a bloodstained altar of Trog.
  4534 | D:4      | Found Ymoohankank's Jewellery Boutique.
  4656 | D:4      | Reached skill level 5 in Dodging
  4911 | D:4      | Got a translucent dagger
  4912 | D:4      | Identified the cursed +2 dagger of Defiance {flame, rPois
                  | Dex+5} (You found it on level 4 of the Dungeon)
  5074 | D:5      | Entered Level 5 of the Dungeon
  5354 | D:5      | Reached XP level 8. HP: 35/54 MP: 11/11
  5521 | D:5      | Reached skill level 5 in Evocations
  5759 | D:5      | Noticed Blork the orc
  5762 | D:5      | Killed Blork the orc
  5769 | D:5      | Found a shimmering blue altar of Sif Muna.
  5965 | D:5      | Reached ** piety under Hepliaklqana
  5966 | D:5      | Remembered your ancestor Cuahtemoc as a battlemage
  6480 | D:6      | Reached skill level 5 in Armour
  6542 | D:6      | Reached skill level 5 in Fighting
  6761 | D:6      | Reached XP level 9. HP: 32/61 MP: 13/13
  6932 | D:6      | Found a shadowy altar of Dithmenos.
  7001 | D:6      | Found a sparkling altar of Nemelex Xobeh.
  7044 | D:6      | Noticed a troll
  7053 | D:6      | Killed a troll
  7304 | D:6      | Found a white marble altar of Elyvilon.
  7794 | D:7      | Reached skill level 1 in Axes
  8022 | D:7      | Noticed a hippogriff
  8039 | D:7      | Killed a hippogriff
  8390 | D:7      | Reached *** piety under Hepliaklqana
  8576 | D:7      | Found a radiant altar of Vehumet.
  8851 | D:7      | Found a staircase to the Ecumenical Temple.
  8895 | D:7      | Found a snail-covered altar of Cheibriados.
  8925 | D:7      | Reached XP level 10. HP: 41/69 MP: 15/15
  9330 | D:8      | Reached skill level 1 in Invocations
  9655 | D:8      | Found a glowing golden altar of the Shining One.
  9762 | D:8      | Reached skill level 5 in Axes
  9850 | D:8      | Found a stormy altar of Qazlal.
  9852 | D:8      | Found a blossoming altar of Fedhas.
  9893 | D:8      | Noticed Erica
  9894 | D:8      | Noticed Pikel
  9895 | D:8      | Noticed Maggie
  9905 | D:8      | Killed Pikel
  9910 | D:8      | Killed Erica
  9915 | D:8      | Killed Maggie
 10075 | D:8      | Noticed Prince Ribbit
 10083 | D:8      | Killed Prince Ribbit
 10150 | D:8      | Noticed a cyan ugly thing
 10163 | D:8      | Killed a green ugly thing
 10240 | D:8      | Killed Psyche
 10461 | D:8      | Reached XP level 11. HP: 73/75 MP: 17/17
 10539 | D:8      | Found a staircase to the Lair.
 10848 | D:9      | Reached **** piety under Hepliaklqana
 11033 | D:9      | Found Itehoh's General Store.
 11042 | D:9      | Bought a potion of might for 52 gold pieces
 11042 | D:9      | Bought a potion of might for 52 gold pieces
 11042 | D:9      | Bought a scroll of teleportation for 39 gold pieces
 11043 | D:9      | Found a flagged portal.
 11054 | Bailey   | Entered a bailey
 11254 | Bailey   | Noticed an orc knight
 11441 | Bailey   | Killed an orc knight
 12062 | D:9      | Found a shimmering altar of Xom.
 12065 | D:9      | Got a brightly glowing hand axe
 12262 | D:9      | Identified the +6 hand axe of Gouxales {vorpal, rPois rC++}
                  | (You found it on level 9 of the Dungeon)
 12402 | D:9      | Found a basalt altar of Yredelemnul.
 12686 | D:10     | Entered Level 10 of the Dungeon
 13345 | D:10     | Noticed a two-headed ogre
 13354 | D:10     | Killed a two-headed ogre
 13795 | D:11     | Noticed a manticore
 13802 | D:11     | Killed a manticore
 13802 | D:11     | Reached skill level 5 in Invocations
 13984 | D:11     | Noticed a cyan ugly thing
 13997 | D:11     | Killed a cyan ugly thing
 14007 | D:11     | Noticed a two-headed ogre
 14016 | D:11     | Killed a two-headed ogre
 14016 | D:11     | Reached XP level 12. HP: 62/84 MP: 18/18
 14132 | D:11     | Found a staircase to the Orcish Mines.
 14170 | D:11     | Noticed Fannar
 14261 | D:11     | Killed Fannar
 14615 | D:11     | Identified the Reference Book on Vitriolic Lightness
 14752 | D:11     | Reached ***** piety under Hepliaklqana
 15040 | Lair:1   | Entered Level 1 of the Lair of Beasts
 15153 | Lair:1   | Noticed Gastronok
 15164 | Lair:1   | Killed Gastronok
 15829 | Lair:1   | Noticed a seven-headed hydra
 15837 | Lair:1   | Killed a seven-headed hydra
 16384 | Lair:2   | Noticed a four-headed hydra
 16389 | Lair:2   | Reached skill level 1 in Shields
 16396 | Lair:2   | Killed a four-headed hydra
 16417 | Lair:2   | Noticed an eight-headed hydra
 16430 | Lair:2   | Killed an eight-headed hydra
 16430 | Lair:2   | Reached skill level 10 in Axes
 16430 | Lair:2   | Reached XP level 13. HP: 60/90 MP: 20/20
 16790 | Lair:2   | Found a frozen archway.
 16815 | IceCv    | Entered an ice cave
 16891 | IceCv    | Reached skill level 10 in Evocations
 17776 | IceCv    | Noticed a frost giant
 17787 | IceCv    | Killed a frost giant
 17787 | IceCv    | Reached skill level 10 in Fighting
 17852 | IceCv    | Got a bloodstained plate armour
 17863 | IceCv    | Identified the +7 plate armour "Fussal" {rN+++ Str-4 Int+4
                  | Slay+5} (You found it in an ice cave)
 18448 | Lair:2   | Reached skill level 10 in Armour
 18568 | Lair:2   | Noticed a four-headed hydra
 18578 | Lair:2   | Killed a four-headed hydra
 19179 | Lair:3   | Found a hole to the Spider Nest.
 19308 | Lair:3   | Reached XP level 14. HP: 99/99 MP: 21/21
 20344 | Lair:4   | Found a staircase to the Swamp.
 20353 | Lair:4   | Reached skill level 5 in Shields
 20553 | Lair:4   | Noticed Oseuty Gilid's ghost (journeyman TrMo)
 20565 | Lair:4   | Found a runed translucent gate.
 20565 | Lair:4   | Found a runed translucent gate.
 21464 | Lair:4   | Found a runed translucent gate.
 22344 | Lair:5   | Found a staircase to the Slime Pits.
 22345 | Lair:5   | Found a viscous altar of Jiyva.
 22427 | Lair:6   | Entered Level 6 of the Lair of Beasts
 22815 | Lair:6   | Reached ****** piety under Hepliaklqana
 23074 | Lair:6   | Reached XP level 15. HP: 25/106 MP: 23/23
 24102 | Lair:6   | Found a burning altar of Makhleb.
 24304 | Lair:6   | Found a gateway to Hell.
 24662 | Orc:1    | Entered Level 1 of the Orcish Mines
 24723 | Orc:1    | Found Nuiheag's Food Shop.
 24924 | Orc:2    | Entered Level 2 of the Orcish Mines
 24969 | Orc:2    | Noticed an orc warlord
 24983 | Orc:2    | Killed an orc warlord
 25087 | Orc:2    | Found a staircase to the Elven Halls.
 25115 | Orc:2    | Found a roughly hewn altar of Beogh.
 25135 | Orc:1    | Found Boramm's Jewellery Boutique.
 25166 | Orc:1    | Found Sounoime's Jewellery Boutique.
 25245 | Orc:1    | Noticed Josephine
 25273 | Orc:1    | Killed Josephine
 25285 | Orc:1    | You fall into a shaft and drop 1 floor!
 26316 | Orc:2    | Found Gudee's Antique Armour Shoppe.
 26316 | Orc:2    | Found Pawuunec's Distillery.
 26330 | Orc:2    | Bought a potion of heal wounds for 70 gold pieces
 26330 | Orc:2    | Bought a potion of might for 56 gold pieces
 26348 | Orc:2    | Found a roughly hewn altar of Beogh.
 26362 | Orc:2    | Found Qis Rat's Weapon Shop.
 26391 | Orc:2    | Found Reschehur's Assorted Antiques.
 26676 | Orc:2    | Bought a scroll labeled XOOTEQ QUSCH for 34 gold pieces
 27028 | D:12     | Reached XP level 16. HP: 114/114 MP: 25/25
 27613 | D:12     | Noticed Nergalle
 27764 | D:12     | Killed Nergalle
 28305 | D:12     | Found Umuracs's Assorted Antiques.
 28385 | D:12     | Bought a scroll of identify for 74 gold pieces
 28385 | D:12     | Bought a scroll of identify for 74 gold pieces
 28385 | D:12     | Bought a scroll labeled NUALIATZID for 37 gold pieces
 28385 | D:12     | Bought a silver wand for 148 gold pieces
 28385 | D:12     | Bought a scroll of identify for 74 gold pieces
 29141 | D:13     | Found a shimmering blue altar of Sif Muna.
 29380 | D:13     | Found a runed translucent gate.
 29381 | D:13     | Found a runed translucent gate.
 29389 | D:13     | Found a runed translucent gate.
 29390 | D:13     | Noticed Ocinnuv's ghost (journeyman TrMo)
 29405 | D:13     | Killed Ocinnuv's ghost
 29414 | D:13     | Got a pair of scorched boots
 29425 | D:13     | Identified the +0 pair of boots of Satisfaction {MP+9
                  | Int+3} (You found it on level 13 of the Dungeon)
 29600 | D:13     | Noticed Erolcha
 29611 | D:13     | Killed Erolcha
 29740 | D:14     | Found a gate to the Vaults.
 29897 | D:14     | Noticed Rupert
 29910 | D:14     | Killed Rupert
 30230 | D:14     | Noticed Agnes
 30241 | D:14     | Killed Agnes
 30881 | D:15     | Entered Level 15 of the Dungeon
 31324 | D:15     | Found a staircase to the Depths.
 31649 | D:15     | Found a runed translucent door.
 32118 | Spider:1 | Entered Level 1 of the Spider Nest
 32118 | Spider:1 | Noticed Donald
 32125 | Spider:1 | Killed Donald
 32975 | Spider:1 | Reached XP level 17. HP: 121/121 MP: 26/26
 33684 | Spider:2 | Noticed Arachne
 33715 | Spider:2 | Killed Arachne
 34279 | Spider:2 | Reached skill level 10 in Shields
 35902 | Spider:4 | Entered Level 4 of the Spider Nest
 36848 | Spider:4 | Reached XP level 18. HP: 90/130 MP: 23/28
 38150 | Spider:4 | Got a gossamer rune of Zot
 38773 | Swamp:1  | Entered Level 1 of the Swamp
 40932 | Swamp:2  | Noticed Nikola
 40954 | Swamp:2  | Killed Nikola
 41161 | Swamp:2  | Reached XP level 19. HP: 85/137 MP: 30/30
 41395 | Swamp:2  | Noticed Frances
 41413 | Swamp:2  | Killed Frances
 41892 | Swamp:3  | Noticed Mara
 41892 | Swamp:3  | Noticed Mara
 41897 | Swamp:3  | Noticed Mara
 41924 | Swamp:3  | Noticed vurker's illusion
 42066 | Swamp:3  | Killed Mara
 42066 | Swamp:3  | Reached skill level 15 in Evocations
 42189 | Swamp:3  | Found a runed translucent gate.
 42189 | Swamp:3  | Found a runed translucent gate.
 42226 | Swamp:3  | Found a runed translucent gate.
 42230 | Swamp:3  | Found the +7 captain's cutlass {speed, disarm}
 42233 | Swamp:3  | Noticed balackLT's ghost (adept FoAK)
 42233 | Swamp:3  | Noticed Disku's ghost (adept FoFi)
 42234 | Swamp:3  | Noticed Dithroar's ghost (adept MiFi)
 42234 | Swamp:3  | Noticed Waomidog's ghost (adept DrCj)
 42841 | Swamp:4  | Entered Level 4 of the Swamp
 42991 | Swamp:3  | Reached skill level 1 in Maces & Flails
 43004 | Swamp:4  | Reached skill level 15 in Fighting
 43229 | Swamp:4  | Reached skill level 15 in Armour
 43235 | Swamp:4  | Noticed the 27-headed Lernaean hydra
 43701 | Swamp:4  | Killed the 27-headed Lernaean hydra
 43846 | Swamp:4  | Got a decaying rune of Zot
 44163 | Vaults:1 | Entered Level 1 of the Vaults
 44408 | Vaults:1 | Reached skill level 5 in Maces & Flails
 44517 | Vaults:1 | Reached XP level 20. HP: 135/145 MP: 31/31
 45243 | Vaults:1 | Paralysed by a hornet for 2 turns
 46537 | Vaults:2 | Found a huge runed gate.
 46537 | Vaults:2 | Found a huge runed gate.
 46537 | Vaults:2 | Found a huge runed gate.
 46537 | Vaults:2 | Found a huge runed gate.
 46538 | Vaults:2 | Found a huge runed gate.
 46538 | Vaults:2 | Found a huge runed gate.
 46538 | Vaults:2 | Found a huge runed gate.
 46538 | Vaults:2 | Found a huge runed gate.
 46539 | Vaults:2 | Found a huge runed gate.
 46540 | Vaults:2 | Found a huge runed gate.
 46546 | Vaults:2 | Found a huge runed gate.
 46546 | Vaults:2 | Found a huge runed gate.
 46546 | Vaults:2 | Found a huge runed gate.
 46546 | Vaults:2 | Found a huge runed gate.
 46546 | Vaults:2 | Found a huge runed gate.
 46549 | Vaults:2 | Found a huge runed gate.
 46550 | Vaults:2 | Found a huge runed gate.
 46551 | Vaults:2 | Found a huge runed gate.
 46552 | Vaults:2 | Found a huge runed gate.
 46560 | Vaults:2 | Found a huge runed gate.
 46560 | Vaults:2 | Found a huge runed gate.
 46560 | Vaults:2 | Found a huge runed gate.
 46560 | Vaults:2 | Found a huge runed gate.
 46560 | Vaults:2 | Found a huge runed gate.
 46560 | Vaults:2 | Found a huge runed gate.
 46560 | Vaults:2 | Found a huge runed gate.
 46645 | Vaults:2 | Found Nufo's Weapon Emporium.
 46674 | Vaults:2 | Found a huge runed gate.
 46674 | Vaults:2 | Found a huge runed gate.
 46681 | Vaults:2 | Found a huge runed gate.
 46681 | Vaults:2 | Found a huge runed gate.
 46681 | Vaults:2 | Found a huge runed gate.
 46681 | Vaults:2 | Found a huge runed gate.
 46681 | Vaults:2 | Found a huge runed gate.
 46681 | Vaults:2 | Found a huge runed gate.
 46681 | Vaults:2 | Found a huge runed gate.
 46847 | Vaults:2 | Found a staircase to the Crypt.
 46847 | Vaults:2 | Found an ancient bone altar of Kikubaaqudgha.
 46848 | Vaults:2 | Found a basalt altar of Yredelemnul.
 46911 | Vaults:2 | Found a huge runed gate.
 46954 | Vaults:2 | Identified the ring of Lixuaph {Fire rElec rPois Int+2}
 47966 | Vaults:2 | Reached XP level 21. HP: 100/153 MP: 33/33
 48697 | Vaults:3 | Noticed Xtahua
 48704 | Vaults:3 | Killed Xtahua
 49492 | Vaults:3 | Gained mutation: You are clumsy. (Dex -2) [a neqoxec]
 49505 | Vaults:3 | Lost mutation: You are clumsy. (Dex -2) [potion of
                  | mutation]
 49505 | Vaults:3 | Gained mutation: Your mind is acute. (Int +2) [potion of
                  | mutation]
 49505 | Vaults:3 | Gained mutation: Your flesh is heat resistant. (rF+)
                  | [potion of mutation]
 49505 | Vaults:3 | Gained mutation: You are resistant to hostile enchantments.
                  | (MR+) [potion of mutation]
 50788 | Vaults:4 | Got a shimmering arbalest
 50789 | Vaults:4 | Identified the +3 arbalest of Haenulott {penet, Str+2
                  | Int+2} (You found it on level 4 of the Vaults)
 50971 | Vaults:4 | Found a runed translucent gate.
 50971 | Vaults:4 | Found a runed translucent gate.
 50972 | Vaults:4 | Found a runed translucent gate.
 51137 | Vaults:4 | Reached XP level 22. HP: 70/162 MP: 34/34
 51795 | Vaults:4 | Found Hydynixi's Book Shoppe.
 51889 | Vaults:4 | Found a huge runed gate.
 51889 | Vaults:4 | Found a huge runed gate.
 51889 | Vaults:4 | Found a huge runed gate.
 51889 | Vaults:4 | Found a huge runed gate.
 51889 | Vaults:4 | Found a huge runed gate.
 51889 | Vaults:4 | Found a huge runed gate.
 51890 | Vaults:4 | Found a huge runed gate.
 51890 | Vaults:4 | Found a huge runed gate.
 51890 | Vaults:4 | Found a huge runed gate.
 51890 | Vaults:4 | Found a huge runed gate.
 51890 | Vaults:4 | Found a huge runed gate.
 51891 | Vaults:4 | Found a huge runed gate.
 51892 | Vaults:4 | Found a huge runed gate.
 51893 | Vaults:4 | Found a huge runed gate.
 51894 | Vaults:4 | Found a huge runed gate.
 51895 | Vaults:4 | Found a huge runed gate.
 51903 | Vaults:4 | Found a huge runed gate.
 51903 | Vaults:4 | Found a huge runed gate.
 51903 | Vaults:4 | Found a huge runed gate.
 51903 | Vaults:4 | Found a huge runed gate.
 51903 | Vaults:4 | Found a huge runed gate.
 51903 | Vaults:4 | Found a huge runed gate.
 51903 | Vaults:4 | Found a huge runed gate.
 51904 | Vaults:4 | Found a huge runed gate.
 51905 | Vaults:4 | Found a huge runed gate.
 51913 | Vaults:4 | Found a huge runed gate.
 51913 | Vaults:4 | Found a huge runed gate.
 51913 | Vaults:4 | Found a huge runed gate.
 51913 | Vaults:4 | Found a huge runed gate.
 51913 | Vaults:4 | Found a huge runed gate.
 51913 | Vaults:4 | Found a huge runed gate.
 51914 | Vaults:4 | Found a huge runed gate.
 51915 | Vaults:4 | Found a huge runed gate.
 51916 | Vaults:4 | Found a huge runed gate.
 51924 | Vaults:4 | Found a huge runed gate.
 51924 | Vaults:4 | Found a huge runed gate.
 52474 | Vaults:4 | Reached skill level 15 in Shields
 52642 | Vaults:4 | Found a runed translucent gate.
 52642 | Vaults:4 | Found a runed translucent gate.
 52647 | Vaults:4 | Noticed PIKKUHERKKO's ghost (adept HOMo)
 52648 | Vaults:4 | Found a runed translucent gate.
 52682 | Vaults:4 | Killed PIKKUHERKKO's ghost
 52927 | Vaults:4 | Got a pair of shimmering boots
 52942 | Vaults:4 | Identified the -1 pair of boots "Unynie" {Harm *Corrode
                  | rPois MR+} (You found it on level 4 of the Vaults)
 52963 | Vaults:4 | Gained mutation: Your body sometimes deteriorates upon
                  | taking damage. [mutagenic glow]
 53176 | Elf:1    | Entered Level 1 of the Elven Halls
 53355 | Elf:1    | Found an ancient bone altar of Kikubaaqudgha.
 54109 | Elf:1    | Found Yduday's Armour Shop.
 54926 | Elf:2    | Found a runed translucent gate.
 54926 | Elf:2    | Found a runed translucent gate.
 55056 | Elf:2    | Found Runaol's Gadget Shoppe.
 55073 | Elf:2    | Bought a wand of acid (11) for 450 gold pieces
 55073 | Elf:2    | Bought a wand of iceblast (10) for 210 gold pieces
 55291 | Elf:2    | Found a runed translucent gate.
 55583 | Elf:3    | Entered Level 3 of the Elven Halls
 56629 | Elf:3    | Reached XP level 23. HP: 153/169 MP: 35/35
 56783 | Elf:3    | Identified the +5 quarterstaff of Dried Tears {drain,
                  | *Noise rC+ MR++ Stlth+}
 57451 | Elf:3    | Identified the +7 war axe "Cuwoph" {vamp, rElec rN+ Dex-3
                  | Stlth+}
 57464 | Elf:3    | Identified a scroll of acquirement
 57494 | Elf:3    | Gained mutation: You are frail. (-10% HP) [a cacodemon]
 57502 | Elf:3    | Got translucent pearl dragon scales
 57765 | Elf:3    | Identified the Tome of Glacial Poison
 57767 | Elf:3    | Identified Qid Fadd's Guide on the Birds and the Snowflakes
 57935 | Elf:3    | Identified Sif Muna's Papyrus of Dusty Changing
 58346 | Crypt:1  | Entered Level 1 of the Crypt
 59335 | Crypt:2  | Noticed Mennas
 59655 | Crypt:2  | Killed Mennas
 61107 | Crypt:2  | Reached XP level 24. HP: 157/157 MP: 36/36
 61312 | Crypt:3  | Entered Level 3 of the Crypt
 61887 | Crypt:3  | Reached skill level 10 in Dodging
 62549 | Crypt:3  | Noticed a greater mummy
 62554 | Crypt:3  | Noticed a greater mummy
 62976 | Crypt:3  | Noticed an ancient lich
 62983 | Crypt:3  | Killed an ancient lich
 63009 | Crypt:3  | Found an ancient bone altar of Kikubaaqudgha.
 63052 | Crypt:3  | Got a pitted bone ring
 63053 | Crypt:3  | Identified the ring of Ihior {MR+ MP+9 Dex+4} (You found it
                  | on level 3 of the Crypt)
 63278 | Crypt:3  | Noticed Khufu
 63558 | Depths:1 | Entered Level 1 of the Depths
 64290 | Depths:1 | Noticed Sojobo
 64302 | Depths:1 | Killed Sojobo
 64639 | Depths:1 | Reached XP level 25. HP: 164/164 MP: 36/36
 64668 | Depths:1 | Found a runed translucent door.
 65129 | Depths:1 | Found Iisiuma's Incredible Inventory.
 65269 | Depths:1 | Found a one-way gate to the infinite horrors of the Abyss.
 65899 | Depths:2 | Found a one-way gate leading to the halls of Pandemonium.
 66531 | Depths:2 | Noticed a juggernaut
 66547 | Depths:2 | Noticed a caustic shrike
 67124 | Depths:2 | Killed a juggernaut
 67422 | Depths:1 | Killed a caustic shrike
 67430 | Depths:2 | HP: 4/165 [deep troll (12)]
 67431 | Depths:2 | Slain by a deep troll

Illustrated notes

Levels and vault maps discovered:
D:1:      dpeg_arrival_long_road, layout_basic, supply_closet_lemuel
D:2:      layout_loops_ring, regret_index_temple_of_mockery,
          nicolae_dithmenos_through_a_glass_darkly
D:3:      layout_loops_ring, old_standard_altar, uniq_sigmund
D:4:      black_bear_nest_1, layout_loops_cross, bloody_trog,
          minmay_shop_enchanted_jewellery, hangedman_decor_growths, st_stairs_4
D:5:      minmay_opposing_rooms, layout_basic, first_ration, tgw_sif
D:6:      layout_basic, overflow_temple_1_default, basic_altar, elyvilon_altar_4
D:7:      layout_loops_corners, cheibriados_altar_1, fiery_altar_vehumet,
          nicolae_overflow_hidden_temple, minmay_temple_entry_grid
D:8:      layout_cave_pools, grunt_temple_overflow_forces_of_nature,
          kennysheep_mini_moat, grunt_lair_entry_orc_guard_hut,
          hangedman_little_slice_of_home, uniq_maggie, uniq_psyche, uniq_pikel,
          uniq_prince_ribbit1, uniq_erica
D:9:      layout_loops_ring, yredelemnul_forgotten_temple_becter,
          enter_bailey_6, serial_shops, shop, basic_altar, nrook_mini_backslash,
          lemuel_old_faithful
D:10:     layout_loops_ring
D:11:     layout_loops_ring, david_orc_3, gauntlet_entry_generic, minivault_16,
          uniq_fannar
D:12:     layout_gridville, serial_shops,
          nicolae_shop_competitors_out_of_business, uniq_nergalle
D:13:     layout_loops_ring, ebering_ghost_rock_garden, basic_altar,
          uniq_erolcha
D:14:     layout_gridville, david_vaults_3, uniq_rupert, uniq_agnes
D:15:     grunt_enter_depths_hoard, layout_cave_pools,
          chequers_hall_statues_wall_a, lightli_airlock
Lair:1:   layout_cave_pods, minivault_25, lemuel_fruit_tree,
          minmay_lair_oklob_chamber, uniq_gastronok
Lair:2:   layout_cellular_growth, portal_ice_cave_entry_ice_beasts,
          grunt_forest_stairs_clearing, grunt_megastairs_5
Lair:3:   layout_chaotic_city, spider_nest_entry_webs
Lair:4:   layout_regular_city, minmay_swamp_entry_wisps, gammafunk_ghost_split,
          guppyfry_lair_drakes
Lair:5:   layout_gridlike, slime_altar_1, grunt_megastairs_3,
          lemuel_fruit_fields
Lair:6:   evil_forest, layout_misc_corridors, grunt_megastairs_2
Swamp:1:  layout_basic_swamp, evilmike_swamp_ruin_house_2
Swamp:2:  layout_basic_swamp, evilmike_swamp_ruin_house_1, swamp_pool1,
          st_swamp_ruins_1, uniq_frances, uniq_nikola
Swamp:3:  layout_falls_marsh, gammafunk_ghost_cemetery,
          hangedman_swamp_ruin_hall, uniq_mara
Swamp:4:  swamp_old_school, layout_basic_swamp, swamp_pool4
Spider:1: layout_chambers, drop_trap, uniq_donald
Spider:2: layout_spider_delve, hangedman_stitches_earthworm, uniq_arachne
Spider:3: layout_spider_delve
Spider:4: grunt_spider_rune_parallel
Orc:1:    layout_caves, serial_shops, shop, nicolae_shop_waterfront, shop,
          uniq_josephine
Orc:2:    st_orc_town, layout_caves, mines2_david
Elf:1:    eino_elf_arrival_sip, layout_geoelf_octagon, basic_altar,
          serial_shops, nicolae_shop_competitors_out_of_business,
          grunt_ministairs_14, lemuel_flamethrower_hall
Elf:2:    layout_gridlike, serial_shops, shop
Elf:3:    elf_hall, layout_geoelf_octagon
Vaults:1: hangedman_vaults_trim, vaults_mumra_chevron, st_star, v_alt_pattern_5,
          nicolae_vaults_little_squares_2, nicolae_vaults_circle_grid_b,
          v_misc_13, ontoclasm_vaults_decontamination,
          nicolae_vaults_sealed_display, hangedman_vaults_impose,
          layout_vaults_omnigrid
Vaults:2: minmay_crypt_entry_necro_gods, ontoclasm_vaults_ring_small,
          nicolae_vaults_angled_halls, vaults_not_door_vault_due,
          hangedman_vaults_maws, hangedman_vaults_restitches,
          nicolae_vaults_rhombus_6, nicolae_vaults_circle_grid_a,
          v_alt_pattern_2, v_misc_13, vaults_room_grunt_arrival_ludios,
          v_misc_33, hangedman_vaults_nodes, layout_vaults_maze_bifur,
          serial_shops, shop
Vaults:3: hangedman_vaults_corner_blocks, vaults_standard_mumra_lines,
          nicolae_vaults_network_s, nicolae_vaults_windows_and_doors_thing,
          vaults_mumra_lcd, ontoclasm_vaults_loading_screen, st_diamondy,
          nicolae_vaults_big_angled_halls, hangedman_vaults_hat,
          vaults_room_corners, nicolae_vaults_diagonal_hallway_8,
          layout_vaults_omnibox, uniq_xtahua
Vaults:4: ploomutoo_gammafunk_vaults_ghost_potion_laboratory,
          nicolae_vaults_alarming, v_alt_pattern_3, nicolae_vaults_little_ls,
          v_rooms_1, nicolae_vaults_big_angled_halls, vaults_dpeg_encased_lava,
          vaults_dpeg_cross, vaults_door_vault, nicolae_vaults_yaktaur_gun_rack,
          layout_vaults_big_room, serial_shops, nicolae_shop_stone,
          mu_enter_wizlab_1
Crypt:1:  layout_chaotic_city, grunt_crypt_arrival_webbed, grunt_megastairs_1
Crypt:2:  minmay_skeleton_keep, layout_gridlike, uniq_mennas
Crypt:3:  cryptofortress_bobbens, uniq_khufu
Depths:1: layout_cross, minmay_room_of_horrors, kennysheep_nondescript,
          hell_entry, minmay_misc_feat_x, grunt_decor_cap,
          nicolae_alphabet_shops, minmay_misc_feat_iff,
          chequers_serial_rivers_micro_a, minmay_hidden_floor, uniq_sojobo
Depths:2: minmay_tearing_corner, layout_cave_pools, hangedman_tar_grid_catacomb,
          solitary_fountain, abyss_entry, pan_entry,
          infiniplex_staircase_pillars_1

Skill      XL: |  1  2  3  4  5  6  7  8  9 10 11 12 13 14 15 16 17 18 19 20 21 22 23 24 25 |
---------------+----------------------------------------------------------------------------+-----
Armour         | 1 2 3 5 6 7 8 9 10 11 12 13 14 15 16 17 18 19 | 19.1
Dodging        | 3 4 5 8 11 13 | 13.7
Fighting       | 2 3 5 6 7 8 9 10 11 12 13 14 15 16 17 18 19 | 19.1
Evocations     | 4 6 7 8 9 10 11 12 13 14 15 16 17 18 19 | 19.3
Axes           | 3 6 8 10 11 12 14 | 14.0
Invocations    | 3 5 7 8 |  8.0
Shields        | 1 4 6 7 9 10 12 13 14 15 16 17 | 17.6
Maces & Flails | 5 8 |  8.0
Short Blades   | |  1.0
Stealth        | |  1.0

Action                   |  1- 3 |  4- 6 |  7- 9 | 10-12 | 13-15 | 16-18 | 19-21 | 22-24 | 25-27 || total
-------------------------+-------+-------+-------+-------+-------+-------+-------+-------+-------++-------
Melee: Short sword       |    92 |       |       |       |       |       |       |       |       ||    92
       Dagger            |    27 |   272 |   294 |    35 |    63 |     9 |       |       |       ||   700
       Battleaxe         |       |       |   148 |   191 |       |       |       |       |       ||   339
       Hand axe          |       |       |       |   275 |  1025 |  1250 |   132 |       |       ||  2682
       Trident           |       |       |       |       |       |    23 |       |       |       ||    23
       Demon whip        |       |       |       |       |       |       |  1479 |   942 |   380 ||  2801
       Trishula          |       |       |       |       |       |       |       |   748 |       ||   748
Invok: Ancestor Life: Ba |       |       |     1 |       |       |       |       |       |       ||     1
       Idealise          |       |       |       |       |     5 |    11 |     5 |     5 |     6 ||    32
       Recall Ancestor   |       |       |       |       |       |     1 |     1 |     2 |     1 ||     5
 Abil: Stop Flying       |       |       |       |       |       |       |       |     2 |       ||     2
       Evoke Flight      |       |       |       |       |       |       |       |     1 |       ||     1
Evoke: Wand              |     3 |     1 |     2 |    26 |    11 |    25 |    11 |     6 |     3 ||    88
       Box of beasts     |       |       |       |       |     2 |       |       |       |       ||     2
       Phantom mirror    |       |       |       |       |       |       |     1 |       |       ||     1
  Use: Scroll            |       |     3 |     9 |     8 |    12 |    15 |    12 |    15 |     6 ||    80
       Potion            |       |       |       |     4 |     1 |     2 |     4 |     1 |     3 ||    15
 Stab: Confused          |     1 |       |       |       |       |     3 |       |       |       ||     4
       Sleeping          |     3 |       |       |       |       |       |       |       |       ||     3
       Paralysed         |       |     5 |       |       |       |       |       |       |       ||     5
       Distracted        |       |       |     3 |     6 |    12 |    17 |    16 |    15 |     5 ||    74
       Held in net/web   |       |       |       |       |       |     1 |       |       |       ||     1
  Eat: Chunk             |     3 |     7 |    12 |    21 |    28 |    18 |    20 |    21 |     3 ||   133
       Ration            |       |       |     1 |     1 |     2 |     9 |     3 |     7 |     2 ||    25
Armor: Leather armour    |    31 |    84 |    42 |       |       |       |       |       |       ||   157
       Ring mail         |       |       |    31 |       |       |       |       |       |       ||    31
       Chain mail        |       |       |   190 |   175 |       |       |       |       |       ||   365
       Gold dragon scale |       |       |       |   274 |   572 |   731 |   569 |   524 |   219 ||  2889
Dodge: Dodged            |    58 |   154 |   283 |   129 |    53 |   161 |   115 |   170 |    90 ||  1213
Block: Tower shield      |       |       |       |   213 |  1082 |  1457 |  1601 |  1476 |   389 ||  6218
       Reflection        |       |       |       |     9 |     6 |    20 |   114 |    60 |    47 ||   256

Table legend:
 A = Non-vault XP
 B = Vault XP
 C = Vault XP percentage of total XP
 D = Non-vault monster count
 E = Vault monster count
 F = Vault count percentage of total count
                 A         B        C        D         E       F
            +---------+---------+-------+---------+---------+-------
      Total |  454077 |  471448 |  50.9 |    1184 |     732 |  38.2
            +---------+---------+-------+---------+---------+-------
        D:1 |      45 |       0 |   0.0 |      18 |       0 |   0.0
        D:2 |      48 |       0 |   0.0 |      18 |       0 |   0.0
        D:3 |     129 |     227 |  63.8 |      24 |       1 |   4.0
        D:4 |     283 |     125 |  30.6 |      19 |       2 |   9.5
        D:5 |     150 |     342 |  69.5 |       6 |       7 |  53.8
        D:6 |    1107 |       0 |   0.0 |      21 |       0 |   0.0
        D:7 |    1641 |       0 |   0.0 |      42 |       0 |   0.0
        D:8 |    1559 |    2464 |  61.2 |      21 |      17 |  44.7
        D:9 |     857 |       1 |   0.1 |      24 |       1 |   4.0
       D:10 |    1818 |       0 |   0.0 |      16 |       0 |   0.0
       D:11 |    5730 |    1142 |  16.6 |      32 |       5 |  13.5
       D:12 |    5695 |     804 |  12.4 |      24 |       1 |   4.0
       D:13 |    2927 |    2299 |  44.0 |       9 |       2 |  18.2
       D:14 |    7746 |   13178 |  63.0 |      22 |      23 |  51.1
       D:15 |   15811 |    4667 |  22.8 |      29 |       7 |  19.4
     Lair:1 |    3397 |    2322 |  40.6 |      12 |       2 |  14.3
     Lair:2 |    5731 |    3004 |  34.4 |      15 |      15 |  50.0
     Lair:3 |    3255 |     885 |  21.4 |      11 |       4 |  26.7
     Lair:4 |    8854 |    1592 |  15.2 |      25 |       8 |  24.2
     Lair:5 |    4178 |    3418 |  45.0 |      16 |       9 |  36.0
     Lair:6 |    9552 |   13832 |  59.2 |      30 |      33 |  52.4
    Swamp:1 |   20144 |       0 |   0.0 |      51 |       0 |   0.0
    Swamp:2 |   18101 |    8504 |  32.0 |      40 |       7 |  14.9
    Swamp:3 |   13239 |    9793 |  42.5 |      35 |       4 |  10.3
    Swamp:4 |   13755 |   14192 |  50.8 |      33 |      18 |  35.3
   Spider:1 |    9268 |    1978 |  17.6 |      24 |       1 |   4.0
   Spider:2 |   11871 |    8155 |  40.7 |      40 |      13 |  24.5
   Spider:3 |   11977 |       0 |   0.0 |      33 |       0 |   0.0
   Spider:4 |   12951 |   26393 |  67.1 |      28 |      53 |  65.4
      Orc:1 |    2383 |    4698 |  66.3 |      30 |       9 |  23.1
      Orc:2 |    5438 |    5838 |  51.8 |      42 |      55 |  56.7
      Elf:1 |    7822 |    1722 |  18.0 |      13 |       3 |  18.8
      Elf:2 |   16013 |    3234 |  16.8 |      23 |       4 |  14.8
      Elf:3 |    9884 |   40416 |  80.3 |      22 |      28 |  56.0
   Vaults:1 |   26481 |   16893 |  38.9 |      47 |      19 |  28.8
   Vaults:2 |   31420 |   28734 |  47.8 |      38 |      41 |  51.9
   Vaults:3 |    8508 |   32830 |  79.4 |      14 |      48 |  77.4
   Vaults:4 |   27757 |   43458 |  61.0 |      53 |      45 |  45.9
    Crypt:1 |   20765 |    2727 |  11.6 |      37 |       2 |   5.1
    Crypt:2 |   22237 |   35255 |  61.3 |      30 |      56 |  65.1
    Crypt:3 |       0 |   66129 | 100.0 |       0 |      88 | 100.0
   Depths:1 |   41531 |   21789 |  34.4 |      61 |      18 |  22.8
   Depths:2 |   42019 |   35524 |  45.8 |      56 |      18 |  24.3
     Bailey |       0 |    1379 | 100.0 |       0 |      14 | 100.0
      IceCv |       0 |   11505 | 100.0 |       0 |      51 | 100.0
            +---------+---------+-------+---------+---------+-------
